[Event "ICC tourney 2096 (40 10)"]
[Site "Internet Chess Club"]
[Date "2020.11.01"]
[Round "1"]
[White "Graveytrain06"]
[Black "Caseylj"]
[Result "1-0"]
[ICCResult "Black resigns"]
[WhiteElo "1169"]
[BlackElo "1312"]
[Opening "Caro-Kann: advance variation"]
[ECO "B12"]
[NIC "CK.02"]
[Time "11:04:01"]
[TimeControl "2400+10"]

1. e4 c6 2. d4 d5 3. e5 c5 4. Nf3 Bg4 5. c3 cxd4 6. cxd4 Nc6 7. Be2 e6 8.
O-O Qb6 9. Nc3 a6 10. a4 Bxf3 11. Bxf3 Qxd4 12. Qxd4 Nxd4 13. Bd1 Bc5 14.
Be3 b6 15. b4 Nc6 16. bxc5 bxc5 17. Bxc5 Rc8 18. a5 Nxe5 19. Ba4+ Nd7 20.
Bb4 h5 21. Rac1 Nf6 22. Nxd5 {Black resigns} 1-0

[Event "ICC tourney 2096 (40 10)"]
[Site "Internet Chess Club"]
[Date "2020.11.01"]
[Round "1"]
[White "Gnanathan"]
[Black "TomGilmour"]
[Result "1-0"]
[ICCResult "Black checkmated"]
[WhiteElo "1082"]
[BlackElo "1153"]
[Opening "Sicilian: O'Kelly variation"]
[ECO "B28"]
[NIC "SI.43"]
[Time "11:04:21"]
[TimeControl "2400+10"]

1. e4 c5 2. Nf3 a6 3. d4 cxd4 4. Nxd4 Nf6 5. Nc3 e5 6. Nf3 Bb4 7. Bd3 b5 8.
O-O Bb7 9. Re1 O-O 10. Nxe5 Re8 11. Bf4 d6 12. Nf3 d5 13. exd5 Nxd5 14.
Rxe8+ Qxe8 15. Nxd5 Bxd5 16. Bxh7+ Kxh7 17. Qxd5 Nd7 18. Qh5+ Kg8 19. Ng5
Nf6 20. Qf3 Rd8 21. c3 Bc5 22. Rf1 Rd2 23. Bxd2 Qd8 24. Be3 Be7 25. Bd4 Kf8
26. Rd1 Qe8 27. Bxf6 Bxf6 28. Nh7+ Kg8 29. Nxf6+ gxf6 30. Qxf6 Kf8 31. Rd8
Qxd8 32. Qxd8+ Kg7 33. f4 Kg6 34. Kf2 f5 35. Qf8 a5 36. Kf3 b4 37. c4 a4 38.
c5 b3 39. a3 Kh7 40. c6 Kg6 41. c7 Kh7 42. c8=Q Kg6 43. Qe6+ Kh7 44. Qeh6#
{Black checkmated}
1-0

[Event "ICC tourney 2096 (40 10)"]
[Site "Internet Chess Club"]
[Date "2020.11.01"]
[Round "1"]
[White "Eric0211"]
[Black "chessdoc13"]
[Result "1-0"]
[ICCResult "Black resigns"]
[WhiteElo "1492"]
[BlackElo "1169"]
[Opening "Caro-Kann: advance variation"]
[ECO "B12"]
[NIC "CK.04"]
[Time "11:04:08"]
[TimeControl "2400+10"]

1. e4 c6 2. d4 d5 3. e5 Bf5 4. Bd3 Bxd3 5. Qxd3 e6 6. Nf3 Ne7 7. O-O g6 8.
Bg5 Bg7 9. c3 h6 10. Bxe7 Qxe7 11. Nbd2 Nd7 12. Nb3 O-O 13. Rad1 c5 14. dxc5
Nxc5 15. Nxc5 Qxc5 16. Rfe1 Rad8 17. Nd4 a6 18. a3 b5 19. Nb3 Qc7 20. Qe2
Rc8 21. Nd4 Rfe8 22. Qe3 Qe7 23. Qf4 Rc4 24. Qf3 Qg5 25. Qe3 Qe7 26. Nf3 Re4
27. Qd3 Qb7 28. Qc2 Rc8 29. Qc1 b4 30. axb4 Rxb4 31. cxb4 Rxc1 32. Rxc1 Qxb4
33. Rb1 a5 34. b3 Bf8 35. Rec1 Bc5 36. Rb2 a4 37. Rbc2 axb3 38. Rxc5 b2 39.
Rc8+ Kg7 40. Rb1 Qa3 41. Rc2 d4 42. Rcxb2 d3 43. Rd2 Qc3 44. Rbd1
{Black resigns}
1-0

[Event "ICC tourney 2096 (40 10)"]
[Site "Internet Chess Club"]
[Date "2020.11.01"]
[Round "1"]
[White "lerui"]
[Black "adma2028"]
[Result "0-1"]
[ICCResult "White checkmated"]
[WhiteElo "1141"]
[BlackElo "1426"]
[Opening "Giuoco Piano"]
[ECO "C50"]
[NIC "IG.02"]
[Time "11:04:02"]
[TimeControl "2400+10"]

1. e4 e5 2. Nf3 Nc6 3. Bc4 Bc5 4. O-O Nf6 5. Nc3 d6 6. h3 a6 7. a4 h6 8. d3
g5 9. Kh2 g4 10. Nd2 gxh3 11. gxh3 Qd7 12. Qf3 Nd4 13. Qg3 Rg8 14. Qe3 Nxc2
15. Qxh6 Nxa1 16. Nf3 c6 17. Ng5 d5 18. exd5 cxd5 19. Ba2 Be7 20. Bd2 Nc2
21. Bb3 Nd4 22. Bd1 Nf5 23. Bg4 Nxg4+ 24. hxg4 Nxh6 25. Nh3 Qxg4 26. Ng1
Qg2# {White checkmated} 0-1

[Event "ICC tourney 2096 (40 10)"]
[Site "Internet Chess Club"]
[Date "2020.11.01"]
[Round "1"]
[White "niftyfountain"]
[Black "EricCheng-131"]
[Result "1/2-1/2"]
[ICCResult "Game drawn by repetition"]
[WhiteElo "1383"]
[BlackElo "1099"]
[Opening "Scotch: Schmidt variation"]
[ECO "C45"]
[NIC "SO.04"]
[Time "11:04:04"]
[TimeControl "2400+10"]

1. e4 e5 2. Nf3 Nc6 3. d4 exd4 4. Nxd4 Nf6 5. Nc3 Bc5 6. Nb3 Bb6 7. Qe2 O-O
8. Be3 Bxe3 9. Qxe3 Re8 10. f3 d6 11. O-O-O Be6 12. Nd4 Nxd4 13. Qxd4 Qd7
14. Bc4 Bxc4 15. Qxc4 Reb8 16. Nd5 Nxd5 17. Qxd5 a5 18. e5 Qe7 19. exd6 Qe3+
20. Qd2 Qb6 21. dxc7 Qxc7 22. Kb1 b5 23. Qd6 Qc4 24. Rhe1 Rc8 25. Rd2 b4 26.
Red1 h6 27. Qd3 Qe6 28. Qe2 Qf6 29. Rd6 Qg5 30. Qd2 Qh4 31. g3 Qh3 32. Qf2
Rcb8 33. R1d5 Qc8 34. Rd1 Qc7 35. Rd7 Qc6 36. R7d3 a4 37. Rd6 Qc7 38. Rd7
Qc6 39. R7d6 Qc7 40. Rd7 Qc6 41. R7d6 Qc7 42. Rd7 {Game drawn by repetition}
1/2-1/2

[Event "ICC tourney 2096 (40 10)"]
[Site "Internet Chess Club"]
[Date "2020.11.01"]
[Round "1"]
[White "MGrei"]
[Black "Sirichess"]
[Result "0-1"]
[ICCResult "White resigns"]
[WhiteElo "1152"]
[BlackElo "1447"]
[Opening "Ruy Lopez: Caro variation"]
[ECO "C70"]
[NIC "RL.09"]
[Time "11:04:12"]
[TimeControl "2400+10"]

1. e4 e5 2. Nf3 Nc6 3. Bb5 a6 4. Ba4 b5 5. Bb3 Bb7 6. O-O Be7 7. c3 d6 8. d4
Nf6 9. Re1 O-O 10. Nbd2 h6 11. Nf1 exd4 12. cxd4 Na5 13. Bc2 Re8 14. Ng3 Nc4
15. b3 Nb6 16. Bb2 d5 17. exd5 Bxd5 18. Be4 Bb4 19. Bxd5 Bxe1 20. Bxa8 Bxf2+
21. Kxf2 Qxa8 22. Rc1 Ng4+ 23. Kg1 Qd8 24. h3 Ne3 25. Qd2 Qd6 26. Rf1 Nxf1
27. Nxf1 c6 28. Qa5 Nd5 29. Qxa6 Re2 30. Ba3 Qg6 31. Nh4 Qg5 32. Qc8+ Kh7
33. Bc1 Qf6 34. Qf5+ Qxf5 35. Nxf5 Rxa2 36. N1g3 Ra1 37. Ne2 Nc3 38. Nfg3
Na2 {White resigns} 0-1

[Event "ICC tourney 2096 (40 10)"]
[Site "Internet Chess Club"]
[Date "2020.11.01"]
[Round "1"]
[White "lucachesschess"]
[Black "awesomehead5"]
[Result "1-0"]
[ICCResult "Black checkmated"]
[WhiteElo "1322"]
[BlackElo "918"]
[Opening "QGD: Marshall defense"]
[ECO "A50"]
[NIC "QP.07"]
[Time "11:04:01"]
[TimeControl "2400+10"]

1. d4 Nf6 2. c4 d5 3. Nc3 dxc4 4. e4 Nc6 5. d5 Ne5 6. f4 Neg4 7. e5 Nh5 8.
e6 fxe6 9. Qxg4 Nf6 10. Qd1 exd5 11. Nf3 Bg4 12. h3 Bf5 13. Nd4 e6 14. g4
Be4 15. Nxe4 Nxe4 16. g5 Bb4+ 17. Ke2 Ng3+ 18. Kf3 Nxh1 19. Nxe6 Qe7 20. Qe2
Kd7 21. f5 Qf7 22. Qe5 Bd6 23. Qxd5 c6 24. Nc5+ Ke7 25. Qe4+ Kd8 26. Ne6+
Kc8 27. Bxc4 Qh5+ 28. Kg2 Ng3 29. Qd4 Nxf5 30. Qd3 Nh4+ 31. Kf2 Qf7+ 32. Ke2
Re8 33. Qxd6 Nf5 34. Qe5 b5 35. Bb3 Re7 36. Bf4 Qh5+ 37. Kf2 Qh4+ 38. Kg2 g6
39. Rd1 Kb7 40. Bd5 Kb6 41. Bxc6 Kxc6 42. Qc5+ Kb7 43. Qxb5+ Kc8 44. Rd8#
{Black checkmated}
1-0

[Event "ICC tourney 2096 (40 10)"]
[Site "Internet Chess Club"]
[Date "2020.11.01"]
[Round "1"]
[White "Mannansh"]
[Black "BulbasaurMaster"]
[Result "1-0"]
[ICCResult "Black resigns"]
[WhiteElo "1258"]
[BlackElo "1446"]
[Opening "Scotch gambit"]
[ECO "C44"]
[NIC "SO.06"]
[Time "11:04:04"]
[TimeControl "2400+10"]

1. e4 e5 2. Nf3 Nc6 3. d4 exd4 4. Bc4 Bc5 5. c3 dxc3 6. Bxf7+ Kxf7 7. Qd5+
Ke8 8. Qh5+ g6 9. Qxc5 d6 10. Qxc3 Qf6 11. Qb3 Nge7 12. O-O h6 13. Nc3 g5
14. Re1 Rf8 15. Nd5 Nxd5 16. exd5+ Ne5 17. Qe3 Kd8 18. Nxe5 dxe5 19. b3 e4
20. Bd2 Bf5 21. Rac1 Re8 22. Qc5 Qb6 23. d6 Qxd6 24. Qxf5 Qxd2 25. Red1 e3
26. Rxd2+ exd2 27. Qd5+ Ke7 28. Rxc7+ {Black resigns} 1-0

[Event "ICC tourney 2096 (40 10)"]
[Site "Internet Chess Club"]
[Date "2020.11.01"]
[Round "1"]
[White "ethansun188"]
[Black "amdink"]
[Result "1-0"]
[ICCResult "Black checkmated"]
[WhiteElo "1192"]
[BlackElo "1333"]
[Opening "Giuoco Piano"]
[ECO "C54"]
[NIC "IG.02"]
[Time "11:04:00"]
[TimeControl "2400+10"]

1. e4 e5 2. Nf3 Nc6 3. Bc4 Bc5 4. c3 Nf6 5. d4 exd4 6. cxd4 Bb4+ 7. Bd2 Nxe4
8. Bxb4 Nxb4 9. Bxf7+ Kxf7 10. Qb3+ d5 11. Qxb4 Rf8 12. O-O Kg8 13. Nc3 Rxf3
14. Nxe4 dxe4 15. gxf3 Bh3 16. Qb3+ Kh8 17. fxe4 Bxf1 18. Rxf1 Qxd4 19. Qxb7
Rf8 20. b3 h6 21. Qd5 Qf6 22. Qd3 Qg6+ 23. Kh1 Re8 24. f3 Qg5 25. Rg1 Qf4
26. Qc3 Re7 27. Rg4 Qf7 28. Qe3 Rd7 29. Kg2 Qh5 30. e5 Rd5 31. Re4 Rd7 32.
e6 Re7 33. Re5 Qg6+ 34. Kf2 Qc2+ 35. Qe2 Qc6 36. f4 Qe8 37. f5 Qf8 38. Qf3
Qf6 39. Rd5 Qb2+ 40. Qe2 Qf6 41. Qe5 Qh4+ 42. Qg3 Qf6 43. Qe5 Qh4+ 44. Ke2
Qg4+ 45. Kd3 Qf3+ 46. Kc4 Qf1+ 47. Kb4 Qf2 48. Rd7 Qb6+ 49. Ka3 Rxd7 50.
exd7 c5 51. Qe8+ Kh7 52. Qg6+ Kh8 53. Qxb6 axb6 54. d8=Q+ Kh7 55. Qxb6 h5
56. Qxc5 Kh6 57. b4 Kg5 58. b5 Kg4 59. b6 Kh3 60. Qd6 h4 61. b7 Kg2 62. b8=Q
h3 63. Qg3+ Kf1 64. Qb5# {Black checkmated} 1-0

[Event "ICC tourney 2096 (40 10)"]
[Site "Internet Chess Club"]
[Date "2020.11.01"]
[Round "1"]
[White "haarim"]
[Black "DaveGriffin"]
[Result "1-0"]
[ICCResult "Black resigns"]
[WhiteElo "1457"]
[BlackElo "1182"]
[Opening "French: Tarrasch, closed variation"]
[ECO "C05"]
[NIC "FR.17"]
[Time "11:04:00"]
[TimeControl "2400+10"]

1. e4 e6 2. d4 d5 3. Nd2 Nf6 4. e5 Nfd7 5. Bd3 c5 6. c3 Nc6 7. Ne2 Qb6 8.
Nf3 cxd4 9. cxd4 Be7 10. O-O f6 11. exf6 Nxf6 12. a3 Bd7 13. Re1 Nd8 14. Ne5
Qc7 15. Bf4 Bd6 16. Rc1 Nc6 17. Nxd7 Qxd7 18. Bb1 O-O 19. Bxd6 Qxd6 20. h3
Nd8 21. Ng3 Nf7 22. Qe2 Rae8 23. Rc3 Re7 24. Nf5 exf5 25. Qxe7 Qb6 26. Bxf5
Qxb2 27. Rc8 Rxc8 28. Bxc8 Nh6 29. Be6+ Kh8 30. Qf8+ Nhg8 31. Bxg8 Nxg8 32.
Re8 {Black resigns} 1-0

[Event "ICC tourney 2096 (40 10)"]
[Site "Internet Chess Club"]
[Date "2020.11.01"]
[Round "1"]
[White "ABecker755"]
[Black "Dobralov"]
[Result "0-1"]
[ICCResult "White checkmated"]
[WhiteElo "1209"]
[BlackElo "1500"]
[Opening "French: exchange variation"]
[ECO "C01"]
[NIC "FR.01"]
[Time "11:04:09"]
[TimeControl "2400+10"]

1. e4 e6 2. d4 d5 3. exd5 exd5 4. Nf3 c5 5. Bg5 Qa5+ 6. Qd2 Qb6 7. b3 Nc6 8.
Be3 Nf6 9. dxc5 Bxc5 10. Bxc5 Qxc5 11. Qe3+ Qxe3+ 12. fxe3 Bf5 13. Bd3 Ne4
14. Nbd2 Nb4 15. a3 Nxd3+ 16. cxd3 Nc3 17. Rc1 Rc8 18. Nb1 Nxb1 19. Rxb1
Bxd3 20. Rd1 Be4 21. O-O f6 22. Rc1 Rxc1 23. Rxc1 Kd7 24. Nd4 a6 25. Kf2 g6
26. g3 h5 27. Ne2 g5 28. h4 Rg8 29. Nc3 gxh4 30. Nxe4 dxe4 31. gxh4 Rg4 32.
Rc4 Rxh4 33. Kg3 Rg4+ 34. Kh3 f5 35. Rc1 h4 36. b4 Rg3+ 37. Kxh4 Rxe3 38.
Rf1 Ke6 39. Kg5 Rf3 40. Rh1 e3 41. Re1 f4 42. Kg4 Rf2 43. Rh1 e2 44. Rh8 Kf7
45. Rh7+ Kg6 46. Re7 f3 47. Kg3 Rf1 48. Re6+ Kf5 49. Re3 e1=Q+ 50. Rxe1 Rxe1
51. Kxf3 Re4 52. Kf2 Kg4 53. Kg2 Re3 54. Kf2 Kf4 55. Kg2 Re2+ 56. Kf1 Ra2
57. b5 Kf3 58. Ke1 axb5 59. a4 bxa4 60. Kd1 Ke3 61. Kc1 Kd3 62. Kb1 Rh2 63.
Kc1 a3 64. Kb1 Kc3 65. Ka1 Kb3 66. Kb1 Rh1# {White checkmated} 0-1

[Event "ICC tourney 2096 (40 10)"]
[Site "Internet Chess Club"]
[Date "2020.11.01"]
[Round "1"]
[White "charlestxie"]
[Black "LeoBerkson"]
[Result "1-0"]
[ICCResult "Black checkmated"]
[WhiteElo "1336"]
[BlackElo "996"]
[Opening "QGD: 3.Nc3"]
[ECO "D31"]
[NIC "QP.08"]
[Time "11:04:05"]
[TimeControl "2400+10"]

1. d4 d5 2. c4 e6 3. Nc3 f5 4. Nf3 Nf6 5. e3 c5 6. cxd5 exd5 7. dxc5 Bxc5 8.
Qb3 O-O 9. Be2 b6 10. O-O Kh8 11. Rd1 Be6 12. Qc2 Nc6 13. a3 Ne4 14. Bd3 a6
15. Nxe4 dxe4 16. Bxe4 Qc7 17. Bxc6 Qxc6 18. b4 Qb5 19. bxc5 Bb3 20. Qd2
Bxd1 21. Qxd1 Qxc5 22. Bb2 Rfd8 23. Bd4 Qf8 24. Ne5 f4 25. Qh5 Kg8 26. Qg4
Rd6 27. Nd7 Qf7 28. Ne5 Qe7 29. Rc1 Rd5 30. Rc8+ Rd8 31. Rxd8+ Rxd8 32. Nc6
Qc7 33. h3 fxe3 34. fxe3 Rf8 35. Qe6+ Kh8 36. Ne5 h6 37. Ng6+ Kh7 38. Nxf8+
Kh8 39. Ng6+ Kh7 40. Qf5 Qc1+ 41. Kh2 Qc7+ 42. Ne5+ Kh8 43. Qd7 Qb8 44. Kg1
Qg8 45. Qf7 Qh7 46. Ng6+ Qxg6 47. Qxg6 Kg8 48. Qxg7# {Black checkmated} 1-0

[Event "ICC tourney 2096 (40 10)"]
[Site "Internet Chess Club"]
[Date "2020.11.01"]
[Round "1"]
[White "bsarvagnya"]
[Black "smartgoldfish"]
[Result "1-0"]
[ICCResult "Black checkmated"]
[WhiteElo "1223"]
[BlackElo "267"]
[Opening "Giuoco Pianissimo: Italian four knights variation"]
[ECO "C50"]
[NIC "IG.02"]
[Time "11:04:43"]
[TimeControl "2400+10"]

1. e4 e5 2. Nf3 Nc6 3. Bc4 Bc5 4. Nc3 Nf6 5. d3 h6 6. Be3 Bb6 7. O-O d6 8.
h3 O-O 9. d4 Re8 10. d5 Ne7 11. Bxb6 axb6 12. Re1 Ng6 13. Re3 Bd7 14. b3 c6
15. dxc6 Bxc6 16. Bd5 Qc7 17. Bxc6 bxc6 18. Qd2 Rad8 19. Rd1 Nf4 20. Ne2
Nxe2+ 21. Qxe2 Nh5 22. g3 Nf6 23. Nh4 d5 24. exd5 cxd5 25. Nf3 d4 26. Rxe5
Rxe5 27. Qxe5 Qxc2 28. Rxd4 Rxd4 29. Qxd4 Qc6 30. Ne5 Qc7 31. Nc4 b5 32. Qb6
Qd7 33. Ne3 Qd3 34. Qb8+ Kh7 35. Kh2 Qe2 36. Qf4 Qxa2 37. Qf5+ Kg8 38. Qc8+
Kh7 39. Qc2+ Qxc2 40. Nxc2 Kg6 41. Nd4 b4 42. Nc6 Ne4 43. f3 Nc5 44. Nxb4
Nxb3 45. Nd5 Nd4 46. Kg2 Kf5 47. Ne3+ Ke5 48. Ng4+ Kf5 49. Kf2 h5 50. Ne3+
Ke6 51. Nd1 Ke5 52. Ke3 g6 53. f4+ Kd5 54. Nc3+ Kc4 55. Ne4 Nf5+ 56. Kf2 Kd4
57. Ng5 Nd6 58. Kf3 Kd3 59. Nh7 Kd4 60. g4 hxg4+ 61. Kxg4 Ne4 62. Ng5 f6 63.
Ne6+ Ke3 64. h4 Kf2 65. Nf8 f5+ 66. Kh3 Nf6 67. Nxg6 Nd5 68. h5 Nf6 69. h6
Kf3 70. Kh4 Ke4 71. Kg5 Nh7+ 72. Kh5 Nf6+ 73. Kh4 Nh7 74. Kh5 Nf6+ 75. Kh4
Nh7 76. Ne7 Kxf4 77. Kh5 Nf8 78. Ng6+ Ke3 79. Nxf8 f4 80. h7 f3 81. h8=Q f2
82. Qe5+ Kf3 83. Qf5+ Ke2 84. Qe4+ Kf1 85. Ng6 Kg1 86. Qg4+ Kh2 87. Qf3 Kg1
88. Qg3+ Kf1 89. Nf4 Ke1 90. Qe3+ Kf1 91. Nh3 Kg2 92. Qxf2+ Kxh3 93. Qf3+
Kh2 94. Qg4 Kh1 95. Kg5 Kh2 96. Kf4 Kh1 97. Kf3 Kh2 98. Qg2# {Black
checkmated} 1-0

[Event "ICC tourney 2096 (40 10)"]
[Site "Internet Chess Club"]
[Date "2020.11.01"]
[Round "2"]
[White "adma2028"]
[Black "Gnanathan"]
[Result "1-0"]
[ICCResult "Black checkmated"]
[WhiteElo "1425"]
[BlackElo "1075"]
[Opening "Queen's bishop game"]
[ECO "D00"]
[NIC "QP.08"]
[Time "13:17:48"]
[TimeControl "2400+10"]

1. d4 d5 2. Bf4 Nf6 3. Nf3 e6 4. e3 c5 5. c3 Be7 6. Bd3 h6 7. Nbd2 O-O 8.
Ne5 Nc6 9. Ndf3 b6 10. Nxc6 Qd7 11. Nxe7+ Qxe7 12. Ne5 Nd7 13. Nc6 Qe8 14.
Bd6 Nf6 15. Bxf8 Qxc6 16. Be7 Nd7 17. Bh4 c4 18. Bc2 Bb7 19. Ba4 b5 20. Bc2
a5 21. a3 Nb6 22. g4 Nd7 23. g5 h5 24. g6 f6 25. Qxh5 Nf8 26. Rg1 Qe8 27.
Bg3 Rc8 28. Bd6 Bc6 29. Bxf8 Kxf8 30. Qh8+ Ke7 31. Qxg7+ Kd6 32. Qxf6 Qg8
33. Qf7 Qh8 34. g7 Qxh2 35. Qf8+ Kc7 36. Qxc8+ Kb6 37. Qd8+ Ka6 38. g8=Q Bb7
39. Qxe6+ Ka7 40. Qeb6# {Black checkmated} 1-0

[Event "ICC tourney 2096 (40 10)"]
[Site "Internet Chess Club"]
[Date "2020.11.01"]
[Round "2"]
[White "Haydogh20"]
[Black "niftyfountain"]
[Result "0-1"]
[ICCResult "White checkmated"]
[WhiteElo "1049"]
[BlackElo "1409"]
[Opening "Queen's bishop game"]
[ECO "D02"]
[NIC "QP.08"]
[Time "13:17:40"]
[TimeControl "2400+10"]

1. d4 d5 2. Nf3 Nf6 3. Bf4 Bg4 4. Nbd2 e6 5. e3 c5 6. c3 Nc6 7. a3 cxd4 8.
cxd4 Bd6 9. Bxd6 Qxd6 10. Bd3 O-O 11. h3 Bxf3 12. Nxf3 Rac8 13. O-O Qc7 14.
Rc1 Qb6 15. b4 Ne7 16. Rxc8 Rxc8 17. Ne5 Nc6 18. Ng4 Qd8 19. Qf3 Nxg4 20.
hxg4 Qg5 21. g3 Ne7 22. Kg2 Rc3 23. Rd1 Rxa3 24. e4 dxe4 25. Qxe4 Qd5 26.
Rc1 Rxd3 27. Qxd5 exd5 28. Rc7 Kf8 29. Rxb7 f6 30. Rxa7 Rxd4 31. b5 Rb4 32.
Rb7 d4 33. b6 Nd5 34. Kf3 Rxb6 35. Rxb6 Nxb6 36. Ke4 Kf7 37. Kxd4 Kg6 38.
Ke4 Kg5 39. Kf3 Nc4 40. Kg2 Ne5 41. f4+ Kxg4 42. fxe5 fxe5 43. Kf2 e4 44.
Kg2 e3 45. Kf1 Kxg3 46. Ke2 h5 47. Kxe3 h4 48. Ke2 Kg2 49. Ke3 h3 50. Kf4 h2
51. Kg5 h1=Q 52. Kg6 Qh6+ 53. Kf7 Qf6+ 54. Kg8 g5 55. Kh7 Kf1 56. Kg8 g4 57.
Kh7 Qg5 58. Kh8 g3 59. Kh7 g2 60. Kh8 g1=R 61. Kh7 Rh1# {White checkmated}
0-1

[Event "ICC tourney 2096 (40 10)"]
[Site "Internet Chess Club"]
[Date "2020.11.01"]
[Round "2"]
[White "allenfan"]
[Black "danielfan"]
[Result "0-1"]
[ICCResult "White checkmated"]
[WhiteElo "311"]
[BlackElo "433"]
[Opening "Giuoco Piano: four knights variation"]
[ECO "C55"]
[NIC "IG.01"]
[Time "13:18:33"]
[TimeControl "2400+10"]

1. e4 e5 2. Nf3 Nc6 3. Bc4 Nf6 4. Nc3 Bc5 5. O-O O-O 6. Bb5 d6 7. Bxc6 bxc6
8. d4 exd4 9. Nxd4 Bd7 10. Re1 Re8 11. Bf4 h6 12. Qf3 Bxd4 13. Qg3 Ng4 14.
Rf1 Qf6 15. Be3 Be5 16. f4 Nxe3 17. fxe5 Nxf1 18. Rxf1 Qxe5 19. Qxe5 dxe5
20. b4 a5 21. bxa5 Rxa5 22. Ra1 Rea8 23. a4 c5 24. Ne2 Rxa4 25. Rd1 Rxe4 26.
Ng3 Rd4 27. Rxd4 cxd4 28. Kf2 Ra2 29. Kf3 Rxc2 30. Ke4 f6 31. Nh5 Rxg2 32.
h4 c5 33. Kd5 d3 34. Ke4 d2 35. Nf4 d1=Q 36. Nxg2 Qe2+ 37. Ne3 Bc6+ 38. Kf5
Qf3+ 39. Kg6 Be4+ 40. Nf5 Qxf5# {White checkmated} 0-1

[Event "ICC tourney 2096 (40 10)"]
[Site "Internet Chess Club"]
[Date "2020.11.01"]
[Round "2"]
[White "ethansun188"]
[Black "charlestxie"]
[Result "0-1"]
[ICCResult "White checkmated"]
[WhiteElo "926"]
[BlackElo "1335"]
[Opening "French: advance, Milner-Barry gambit"]
[ECO "C02"]
[NIC "FR.03"]
[Time "13:17:46"]
[TimeControl "2400+10"]

1. e4 e6 2. d4 d5 3. e5 c5 4. c3 Nc6 5. Nf3 Qb6 6. Bd3 Nh6 7. Bc2 Nf5 8.
Bxf5 exf5 9. O-O Be7 10. Re1 O-O 11. Qb3 Be6 12. Qxb6 axb6 13. Bf4 cxd4 14.
cxd4 Nb4 15. Re2 Rxa2 16. Rxa2 Nxa2 17. Rc2 Rc8 18. Rxc8+ Bxc8 19. Kf1 Bd7
20. Ke2 h6 21. Kd2 g5 22. Bg3 f4 23. Bxf4 gxf4 24. g3 fxg3 25. fxg3 Bg5+ 26.
Nxg5 hxg5 27. Kc2 Bf5+ 28. Kb3 Bxb1 29. h4 gxh4 30. gxh4 Nc1+ 31. Kb4 Bd3
32. Kc3 Ba6 33. Kc2 Ne2 34. b4 Nxd4+ 35. Kc3 Nc6 36. Kb3 Nxe5 37. Ka4 b5+
38. Ka5 d4 39. Kb6 d3 40. Kc5 d2 41. Kd5 d1=Q+ 42. Kxe5 Qe2+ 43. Kd5 Qd3+
44. Kc5 Kf8 45. Kb6 Ke7 46. Kc7 Qd6+ 47. Kc8 Qb6 48. h5 Kd6 49. h6 Qc7#
{White checkmated}
0-1

[Event "ICC tourney 2096 (40 10)"]
[Site "Internet Chess Club"]
[Date "2020.11.01"]
[Round "2"]
[White "PotatoBoi717"]
[Black "Eric0211"]
[Result "0-1"]
[ICCResult "White resigns"]
[WhiteElo "1240"]
[BlackElo "1500"]
[Opening "Scotch: Schmidt variation"]
[ECO "C45"]
[NIC "SO.04"]
[Time "13:17:49"]
[TimeControl "2400+10"]

1. e4 e5 2. Nf3 Nc6 3. d4 exd4 4. Nxd4 Nf6 5. Nc3 Bc5 6. Be3 Bxd4 7. Bxd4 d6
8. Qd2 h6 9. O-O-O Bd7 10. Bc4 Qe7 11. f4 O-O-O 12. Bxf6 Qxf6 13. Nd5 Qg6
14. f5 Qg5 15. Qxg5 hxg5 16. f6 gxf6 17. Nxf6 Ne5 18. Bb3 Be6 19. Bxe6+ fxe6
20. Rde1 Rdf8 {White resigns} 0-1

[Event "ICC tourney 2096 (40 10)"]
[Site "Internet Chess Club"]
[Date "2020.11.01"]
[Round "2"]
[White "chessdoc13"]
[Black "awesomehead5"]
[Result "1-0"]
[ICCResult "Black checkmated"]
[WhiteElo "1216"]
[BlackElo "899"]
[Opening "English: four knights, 4.e3"]
[ECO "A28"]
[NIC "EO.05"]
[Time "13:17:49"]
[TimeControl "2400+10"]

1. c4 e5 2. Nc3 Nf6 3. Nf3 Nc6 4. e3 Bb4 5. Qb3 O-O 6. a3 Ba5 7. Be2 e4 8.
Ng5 Bxc3 9. Qxc3 d5 10. d4 Re8 11. Bd2 Bg4 12. f3 exf3 13. Bxf3 Bxf3 14.
gxf3 Ne4 15. Nxe4 dxe4 16. O-O-O exf3 17. Rhf1 Qf6 18. Rf2 Ne7 19. e4 Nc8
20. Rxf3 Qg6 21. e5 Ne7 22. Rdf1 f5 23. exf6 Rf8 24. fxe7 Rxf3 25. Qxf3 Qd6
26. Qf7+ Kh8 27. e8=Q+ Rxe8 28. Qxe8+ Qf8 29. Qxf8# {Black checkmated} 1-0

[Event "ICC tourney 2096 (40 10)"]
[Site "Internet Chess Club"]
[Date "2020.11.01"]
[Round "2"]
[White "LeoBerkson"]
[Black "ABecker755"]
[Result "0-1"]
[ICCResult "White checkmated"]
[WhiteElo "968"]
[BlackElo "1212"]
[Opening "French: Winawer (Nimzovich) variation"]
[ECO "C15"]
[NIC "FR.08"]
[Time "13:17:42"]
[TimeControl "2400+10"]

1. d4 e6 2. e4 d5 3. Nc3 Bb4 4. Bd3 Nf6 5. Bg5 O-O 6. e5 Nbd7 7. Nf3 Bxc3+
8. bxc3 Qe8 9. exf6 Nxf6 10. Bxf6 gxf6 11. O-O e5 12. Re1 e4 13. Nd2 Qd7 14.
Nxe4 dxe4 15. Bxe4 Qg4 16. Bf3 Qg5 17. g3 f5 18. h4 Qg7 19. Re5 c6 20. Re7
Qf6 21. Qe2 Rb8 22. Re5 Kh8 23. g4 fxg4 24. Bxg4 Bxg4 25. Qxg4 Rg8 26. Rg5
h6 27. Qh5 Rxg5+ 28. hxg5 Qxg5+ 29. Qxg5 hxg5 30. Kg2 Re8 31. Rh1+ Kg7 32.
Kf3 f5 33. Rh5 Kg6 34. Rh1 Re7 35. Kg2 Re2 36. Rc1 f4 37. Kf3 Re7 38. c4 Kf5
39. d5 cxd5 40. cxd5 g4+ 41. Kg2 Rd7 42. c4 b5 43. c5 Rxd5 44. c6 Rd8 45.
Rc5+ Ke6 46. Rxb5 Rc8 47. Rg5 g3 48. f3 Rxc6 49. Rg4 Kf5 50. Kh3 Ra6 51. Rg8
Rxa2 52. Rf8+ Kg5 53. Rg8+ Kh6 54. Rg4 Rh2# {White checkmated} 0-1

[Event "ICC tourney 2096 (40 10)"]
[Site "Internet Chess Club"]
[Date "2020.11.01"]
[Round "2"]
[White "inbha"]
[Black "haarim"]
[Result "0-1"]
[ICCResult "White checkmated"]
[WhiteElo "1253"]
[BlackElo "1455"]
[Opening "French: exchange variation"]
[ECO "C01"]
[NIC "FR.01"]
[Time "13:17:42"]
[TimeControl "2400+10"]

1. e4 e6 2. d4 d5 3. exd5 exd5 4. Nf3 Nf6 5. Bg5 Be6 6. Be2 Bd6 7. O-O h6 8.
Bh4 Nbd7 9. Nc3 O-O 10. Qd2 c6 11. a3 Qc7 12. Rae1 Ne4 13. Qd1 Nxc3 14. bxc3
Bxa3 15. Bd3 Bd6 16. Bg3 Bxg3 17. fxg3 Rfe8 18. Ne5 Nxe5 19. Rxe5 Bd7 20.
Qh5 Be6 21. g4 f6 22. Ree1 Bf7 23. Qh4 Rxe1 24. Rxe1 Re8 25. Rxe8+ Bxe8 26.
Qe1 Bf7 27. Bf5 a5 28. Qa1 b5 29. g3 a4 30. Qa3 g6 31. Bd3 Kg7 32. Kf2 Be8
33. Qc5 Kf7 34. Kf3 Qa5 35. Qa3 Qc7 36. Qc5 Qe7 37. Qb6 a3 38. Qa5 Bd7 39.
Qa7 Bxg4+ 40. Kxg4 Qxa7 41. h4 a2 42. h5 gxh5+ 43. Kxh5 a1=Q 44. Kxh6 Qxc3
45. Bg6+ Kf8 46. Bd3 Qaxd4 47. Kh5 Qcxd3 48. cxd3 Qxd3 49. g4 Qh3+ 50. Kg6
Qxg4+ 51. Kxf6 Qe4 52. Kg5 Qf3 53. Kg6 Ke7 54. Kg5 Ke6 55. Kh4 Qg2 56. Kh5
Kf5 57. Kh6 Qg6# {White checkmated} 0-1

[Event "ICC tourney 2096 (40 10)"]
[Site "Internet Chess Club"]
[Date "2020.11.01"]
[Round "2"]
[White "amdink"]
[Black "plamba"]
[Result "1-0"]
[ICCResult "Black checkmated"]
[WhiteElo "1336"]
[BlackElo "127"]
[Opening "Giuoco Piano"]
[ECO "C53"]
[NIC "IG.02"]
[Time "13:17:46"]
[TimeControl "2400+10"]

1. e4 e5 2. Nf3 Nc6 3. Bc4 Bc5 4. c3 h6 5. d4 exd4 6. cxd4 Bb4+ 7. Nc3 Nf6
8. O-O O-O 9. e5 Nh7 10. d5 Na5 11. Be2 d6 12. Bd2 Bf5 13. a3 Bc5 14. b4 Bb6
15. bxa5 Bxa5 16. Nd4 Bg6 17. exd6 Qxd6 18. Ncb5 Qb6 19. Bxa5 Qxa5 20. Rc1
Rac8 21. Bd3 Nf6 22. Re1 Nxd5 23. Nb3 Qb6 24. Bxg6 Qxb5 25. a4 Qd7 26. Be4
c6 27. Nc5 Qc7 28. Bxd5 cxd5 29. Qxd5 b6 30. Nb3 Qf4 31. Rxc8 Rxc8 32. Qd7
Rc3 33. g3 Qf3 34. Nd4 Qf6 35. Qf5 Kf8 36. Qe4 Ra3 37. Qe8# {Black
checkmated} 1-0